 Dungeon Crawl Stone Soup version 0.29.0-4-gdea44cf6ec (webtiles) character file.

Game seed: 8400020351716254016

44 qw the Chopper (level 3, 0/21 HPs)
             Began as a Tengu Warper on Aug 28, 2022.
             Slain by Terence
             ... wielding a +0 flail
              (6 damage)
             ... on level 2 of the Dungeon.
             The game lasted 00:00:06 (1715 turns).

qw the Chopper (Tengu Warper)                       Turns: 1715, Time: 00:00:07

Health: 0/21       AC:  3    Str: 13    XL:     3   Next: 60%
Magic:  7/7        EV: 12    Int: 13    God:
Gold:   56         SH:  0    Dex: 13    Spells: 6/6 levels left

rFire   . . .      SeeInvis .   Y - +0 hand axe
rCold   . . .      Faith    .   (no shield)
rNeg    . . .      Spirit   .   b - +0 leather armour
rPois   .          Reflect  .   (helmet restricted)
rElec   .          Harm     .   (no cloak)
rCorr   .          Rampage  .   (no gloves)
Will    .....                   (boots unavailable)
Stlth   +.........              (no amulet)
HPRegen 0.07/turn               (no ring)
MPRegen 0.10/turn               (no ring)

@: no status effects
A: beak, talons 3
a: no special abilities


You were on level 2 of the Dungeon.
You visited 1 branch of the dungeon, and saw 2 of its levels.

You collected 56 gold pieces.


Innate Abilities, Weirdness & Mutations

You have a beak for a mouth.
You have claws for feet.


   Skills:
 - Level 2.0 Fighting
 + Level 4.2 Axes
 - Level 1.0 Throwing
 - Level 1.1 Armour
 - Level 2.1 Dodging
 - Level 2.0 Spellcasting
 - Level 2.4 Translocations


You had 6 spell levels left.
You didn't know any spells.
Your spell library contained the following spells:

 Spells                   Type           Power      Damage    Failure   Level
 Blink                    Tloc           14%        N/A       19%         2
 Gell's Gravitas          Tloc           7%         N/A       36%         3
 Lesser Beckoning         Tloc           7%         N/A       36%         3
 Teleport Other           Tloc           7%         N/A       36%         3
 Manifold Assault         Tloc           7%         N/A       98%         5

Inventory:

Hand Weapons
 d - a +0 whip
 Y - a +0 hand axe (weapon)
Armour
 a - a +0 pair of gloves
 b - a +0 leather armour (worn)
Scrolls
 c - a scroll of teleportation {unknown}
Potions
 e - a potion of lignification {unknown}
 g - a potion of attraction {unknown}
 i - a potion of curing {unknown}

Dungeon Overview and Level Annotations

Branches:
Dungeon (2/15)

Altars:

Annotations:
D:2 Terence


Message History

The adder bites you.
You are poisoned.
The adder poisons you!
You hit the adder but do no damage. You claw the adder!
The adder is almost dead.
You feel sick. The adder bites you.
You are more poisoned.
The adder poisons you! The adder bites you.
You miss the adder. Your kick misses the adder.
The adder is almost dead.
You feel sick. The adder bites you but does no damage.
You hit the adder but do no damage.
The adder is almost dead.
You feel sick. The adder closely misses you. The adder bites you.
You hit the adder.
You kill the adder!
You feel sick.
You start resting.
You feel sick. x3
You are no longer poisoned.
HP restored.
Found a mace.
You see here an adder skeleton.
c - a scroll labelled JAELEU PORI Terence the Incautious comes into view.
He is wielding a +0 flail.
Terence shouts!
Enter note: A ball python comes into view.
1708 ||| Stepping ~*~*~tactically~*~*~ (stealth).
1710 ||| Stepping ~*~*~tactically~*~*~ (stealth).
Terence and a rat come into view.
1712 ||| Stepping ~*~*~tactically~*~*~ (stealth).
Terence attacks as you move away! Terence completely misses you.
You barely miss Terence. Terence hits you with a +0 flail.
You completely miss Terence. Terence hits you with a +0 flail!
You hit Terence but do no damage. You claw Terence, but do no damage.
Terence hits you with a +0 flail.
You die...

# # ### .## ##### #. #..
... ....# #.##.##.# ###.#
#.#.#.# #.# #...# ##.#
##.## ##..# ##..@# .#.##
##.#@#.#
...##########....##..
.................r..r..
...#########....###....S.
.#.# #.#.## #.... ##.#
#.##.. #... #.# #.# ###
#.. #.# ... ##.# ...


You could see Terence and a rat.

Vanquished Creatures
  A gnoll (D:1)
  An adder (D:2)
  2 ball pythons
  6 bats
  2 endoplasms (D:1)
  2 goblins (D:1)
  2 hobgoblins (D:1)
  2 jackals (D:2)
  3 kobolds
  A frilled lizard (D:1)
22 creatures vanquished.

Notes
Turn   | Place    | Note
-------+----------+-------------------------------------------
     0 | D:1      | qw the Tengu Warper began the quest for the Orb.
     0 | D:1      | Reached XP level 1. HP: 12/12 MP: 4/4
     0 | D:1      | 0 ||| qw: Version: 0.1-a-89-g26bdef1
     0 | D:1      | 0 ||| qw: Game counter: 592
     0 | D:1      | 0 ||| qw: Always use a shield: true
     0 | D:1      | 0 ||| qw: God list: Okawaru
     0 | D:1      | 0 ||| qw: Allow faded altars: false
     0 | D:1      | 0 ||| qw: Do Orc after D:15 true
     0 | D:1      | 0 ||| qw: Do second Lair branch before Depths: true
     0 | D:1      | 0 ||| qw: Lair rune preference: random
     0 | D:1      | 0 ||| qw: Plans: Normal
     0 | D:1      | 0 ||| PLANNING D:1-11
   138 | D:1      | 138 ||| Stepping ~*~*~tactically~*~*~ (stealth).
   142 | D:1      | HP: 1/12 [gnoll/+0 whip (4)]
   143 | D:1      | 143 ||| Stepping ~*~*~tactically~*~*~ (stealth).
   145 | D:1      | Reached skill level 3 in Axes
   145 | D:1      | Reached XP level 2. HP: 2/17 MP: 6/6
   148 | D:1      | 148 ||| Stepping ~*~*~tactically~*~*~ (stealth).
   556 | D:1      | Found a faded altar of an unknown god.
   557 | D:1      | Noticed a floating eye
   559 | D:1      | Noticed an eye of devastation
   559 | D:1      | Noticed a great orb of eyes
   559 | D:1      | Noticed a floating eye
   809 | D:1      | Reached XP level 3. HP: 21/21 MP: 7/7
  1138 | D:1      | 1138 ||| READING scroll labelled TUVVUZXUTI.
  1139 | D:1      | 1139 ||| READING scroll labelled YFREFU ABREXZA.
  1140 | D:1      | 1140 ||| DROPPING scroll of blinking.
  1319 | D:2      | 1319 ||| Stepping ~*~*~tactically~*~*~ (stealth).
  1324 | D:2      | Reached skill level 4 in Axes
  1374 | D:2      | HP: 5/21 [adder (4)]
  1377 | D:2      | HP: 2/21 [poisoned by an adder]
  1706 | D:2      | Noticed Terence
  1708 | D:2      | 1708 ||| Stepping ~*~*~tactically~*~*~ (stealth).
  1710 | D:2      | 1710 ||| Stepping ~*~*~tactically~*~*~ (stealth).
  1712 | D:2      | 1712 ||| Stepping ~*~*~tactically~*~*~ (stealth).
  1715 | D:2      | Slain by Terence

Levels and vault maps discovered:
D:1:      dpeg_arrival_boxorama, layout_basic,
          hellmonk_ecumenical_altar_watching_god, minmay_ruptured
D:2:      layout_loops_corners, basic_altar, uniq_terence

Skill      XL: |  1  2  3 |
---------------+----------+-----
Axes           | 3 4 |  4.2
Fighting       | |  2.0
Throwing       | |  1.0
Armour         | |  1.1
Dodging        | |  2.1
Spellcasting   | |  2.0
Translocations | |  2.4

Action                   || total
-------------------------++-------
Melee: Hand axe          ||    55
       Kick              ||    13
       Peck              ||     7
Throw: Boomerang         ||     7
  Use: Scroll            ||     2
Armor: Leather armour    ||    13
Dodge: Dodged            ||    27

Table legend:
 A = Non-vault XP
 B = Vault XP
 C = Vault XP percentage of total XP
 D = Non-vault monster count
 E = Vault monster count
 F = Vault count percentage of total count
                 A         B        C        D         E       F
            +---------+---------+-------+---------+---------+-------
      Total |      58 |       5 |   7.9 |      19 |       3 |  13.6
            +---------+---------+-------+---------+---------+-------
        D:1 |      32 |       5 |  13.5 |      11 |       3 |  21.4
        D:2 |      26 |       0 |   0.0 |       8 |       0 |   0.0
            +---------+---------+-------+---------+---------+-------
